RES
ERSKINEVILLE PIRATES @ MOSMAN CUBS
04/04/2022
 
TOP OF THE 1ST
Erskineville Pirates batting - Pitching for Mosman Cubs : RHP Dex McLean
Pitching: RHP Dex McLean
Batting: RHB Phil Rutgers 0-0: Called Strike
0-1: Ground out 3-1 (Groundball, 34, EV 85.0 MPH)
Batting: LHB Ken Pym 0-0: Ball
1-0: Ball
2-0: Called Strike
2-1: Foul Ball, location: 2F
2-2: Ball
3-2: Foul Ball, location: 7LMF
3-2: Foul Ball, location: 7LMF
3-2: Base on Balls
Batting: RHB Orval Cash 0-0: Ball
1-0: Called Strike
Ken Pym is caught stealing 2nd base 2-4
1-1: Foul Ball, location: 9LDF
1-2: Strikes out swinging
Top of the 1st over - 0 runs, 0 hits, 0 errors, 0 left on base; Erskineville 0 - Mosman 0
BOTTOM OF THE 1ST
Mosman Cubs batting - Pitching for Erskineville Pirates : RHP Matthew Popplewell
Pitching: RHP Matthew Popplewell
Batting: LHB Zayne Caples 0-0: Ball
1-0: Ground out 4-3 (Groundball, 4, EV 104.4 MPH)
Batting: RHB Steve Walmsley 0-0: Ball
1-0: Ball
2-0: Called Strike
2-1: Foul Ball, location: 9LSF
2-2: Foul Ball, location: 2F
2-2: Ball
3-2: Base on Balls
Batting: LHB River Holdsworth 0-0: SINGLE (Groundball, 6M, EV 102.5 MPH)
Steve Walmsley to second
Batting: SHB Matt Badeley 0-0: Foul Ball, location: 2F
0-1: DOUBLE (Flyball, 8LXD, EV 77.5 MPH)
Steve Walmsley scores
River Holdsworth to third
Batting: RHB Zachery Gilleland 0-0: Ball
1-0: Ball
2-0: Foul Ball, location: 3F
2-1: SINGLE (Flyball, 34D, EV 85.0 MPH)
River Holdsworth scores
Matt Badeley to third
Batting: RHB Jim Raymont 0-0: Ball
1-0: Ball
2-0: SINGLE (Line Drive, 4D, EV 99.4 MPH)
Matt Badeley scores
Zachery Gilleland to second
Runner from 2nd tries for 3rd, OUT! 9-5
Batting: LHB Coop Ross 0-0: Ball
1-0: Ball
2-0: Ground out 1-3 (Groundball, 13S, EV 68.1 MPH)
Bottom of the 1st over - 3 runs, 4 hits, 0 errors, 1 left on base; Erskineville 0 - Mosman 3
TOP OF THE 2ND
Erskineville Pirates batting - Pitching for Mosman Cubs : RHP Dex McLean
Batting: LHB Rutger Cooper 0-0: Ball
1-0: Ball
2-0: Called Strike
2-1: Ball
3-1: Ground out 3-1 (Groundball, 34, EV 84.4 MPH)
Batting: RHB Xavier Millington 0-0: Ball
1-0: Ball
2-0: Fly out, F8 (Flyball, 8RXD, EV 106.9 MPH)
Batting: LHB Tristen Anslow 0-0: Ball
1-0: Called Strike
1-1: Foul Ball, location: 2F
1-2: Foul Ball, location: 25F
1-2: Ball
2-2: Ball
3-2: Fly out, F8 (Line Drive, 8RD, EV 85.6 MPH)
Top of the 2nd over - 0 runs, 0 hits, 0 errors, 0 left on base; Erskineville 0 - Mosman 3
BOTTOM OF THE 2ND
Mosman Cubs batting - Pitching for Erskineville Pirates : RHP Matthew Popplewell
Batting: RHB Sam Beamish 0-0: Ball
1-0: Called Strike
1-1: Ball
2-1: Ball
3-1: Ground out 5-3 (Groundball, 5, EV 90.6 MPH)
Batting: RHB Alex Zglinicki 0-0: Ball
1-0: Called Strike
1-1: Ball
2-1: Ball
3-1: Base on Balls
Batting: LHB Zayne Caples 0-0: Foul Ball, location: 7LMF
0-1: Ball
1-1: Ball
2-1: Ball
3-1: Base on Balls
Alex Zglinicki to second
Batting: RHB Steve Walmsley 0-0: Foul Ball, location: 9LSF
0-1: Grounds into double play, 5-4-3 (Groundball, 56, EV 103.8 MPH)
Bottom of the 2nd over - 0 runs, 0 hits, 0 errors, 1 left on base; Erskineville 0 - Mosman 3
TOP OF THE 3RD
Erskineville Pirates batting - Pitching for Mosman Cubs : RHP Dex McLean
Batting: RHB Bernard Theyer 0-0: Fly out, F9 (Flyball, 9, EV 99.4 MPH)
Batting: RHB J.C. Excell 0-0: Fly out, F9 (Flyball, 9, EV 90.0 MPH)
Batting: RHB William Fowles 0-0: Called Strike
0-1: SOLO HOME RUN (Flyball, 78XD, EV 107.5 MPH), Distance : 428 ft
Batting: RHB Phil Rutgers 0-0: Ball
1-0: Ground out 6-3 (Groundball, 15, EV 78.8 MPH)
Top of the 3rd over - 1 run, 1 hit, 0 errors, 0 left on base; Erskineville 1 - Mosman 3
BOTTOM OF THE 3RD
Mosman Cubs batting - Pitching for Erskineville Pirates : RHP Matthew Popplewell
Batting: LHB River Holdsworth 0-0: Called Strike
0-1: Ball
1-1: Ball
2-1: Foul Ball, location: 3F
2-2: Foul Ball, location: 2F
2-2: Ball
3-2: Foul Ball, location: 25F
3-2: Foul Ball, location: 3FF
3-2: Ground out 3-1 (Groundball, 13, EV 83.1 MPH)
Batting: SHB Matt Badeley 0-0: SINGLE (Groundball, 34, EV 80.6 MPH)
Batting: RHB Zachery Gilleland 0-0: Called Strike
Balk!
Matt Badeley to second
0-1: Swinging Strike
0-2: Foul Ball, location: 2F
0-2: Foul Ball, location: 2F
0-2: Fly out, F2 (Popup, 2LF, EV 83.1 MPH)
Batting: RHB Jim Raymont 0-0: Foul Ball, location: 9LDF
0-1: Ball
1-1: Swinging Strike
1-2: Ground out 4-3 (Groundball, 34, EV 87.5 MPH)
Bottom of the 3rd over - 0 runs, 1 hit, 0 errors, 1 left on base; Erskineville 1 - Mosman 3
TOP OF THE 4TH
Erskineville Pirates batting - Pitching for Mosman Cubs : RHP Dex McLean
Batting: LHB Ken Pym 0-0: Called Strike
0-1: Called Strike
0-2: Foul Ball, location: 25FF
0-2: Foul Ball, location: 3FF
0-2: Strikes out swinging
Batting: RHB Orval Cash 0-0: SINGLE (Flyball, 5D, EV 84.4 MPH)
Batting: LHB Rutger Cooper 0-0: Swinging Strike
0-1: SINGLE (Groundball, P, EV 64.4 MPH)
Orval Cash to second
Batting: RHB Xavier Millington 0-0: Ball
1-0: Called Strike
1-1: Fly out, F8 (Flyball, 8RD, EV 93.8 MPH)
Runner from 2nd tags up, OUT at 3rd! 8-5
Top of the 4th over - 0 runs, 2 hits, 0 errors, 1 left on base; Erskineville 1 - Mosman 3
BOTTOM OF THE 4TH
Mosman Cubs batting - Pitching for Erskineville Pirates : RHP Matthew Popplewell
Batting: LHB Coop Ross 0-0: Called Strike
0-1: DOUBLE (Flyball, 89XD, EV 113.1 MPH)
Batting: RHB Sam Beamish 0-0: Called Strike
0-1: Swinging Strike
0-2: Ground out 5-3 (Groundball, 56, EV 82.5 MPH)
Batting: RHB Alex Zglinicki 0-0: Ball
1-0: Swinging Strike
1-1: Ground out 6-3 (Groundball, 6, EV 106.9 MPH)
Batting: LHB Zayne Caples 0-0: Ball
1-0: Foul Ball, location: 5F
1-1: Ground out U3 (Groundball, 3L, EV 105.0 MPH)
Bottom of the 4th over - 0 runs, 1 hit, 0 errors, 1 left on base; Erskineville 1 - Mosman 3
TOP OF THE 5TH
Erskineville Pirates batting - Pitching for Mosman Cubs : RHP Dex McLean
Batting: LHB Tristen Anslow 0-0: Ball
1-0: Called Strike
1-1: DOUBLE (Line Drive, 78XD, EV 107.5 MPH)
Batting: RHB Bernard Theyer 0-0: Ball
1-0: Ball
2-0: Foul Ball, location: 23F
2-1: SINGLE (Groundball, 6D, EV 99.4 MPH)
Tristen Anslow to third
Batting: RHB J.C. Excell 0-0: Ball
1-0: Called Strike
1-1: SINGLE (Line Drive, 7S, EV 107.5 MPH)
Tristen Anslow scores
Bernard Theyer to second
Batting: RHB William Fowles 0-0: Ball
1-0: Bunt missed!
1-1: Bunted foul
1-2: Foul Ball, location: 2LF
1-2: Foul Ball, location: 9LDF
1-2: Ball
2-2: Ball
3-2: Fly out, F6 (Popup, 6MD, EV 42.5 MPH)
Batting: RHB Phil Rutgers 0-0: Ball
Wild Pitch!
Bernard Theyer to third
J.C. Excell to second
1-0: DOUBLE (Groundball, 5L, EV 110.0 MPH)
Bernard Theyer scores
J.C. Excell scores
Batting: LHB Ken Pym 0-0: Ground out 4-3 (Groundball, 4, EV 102.5 MPH)
Phil Rutgers to third
Batting: RHB Orval Cash 0-0: Called Strike
0-1: Foul Ball, location: 7LMFF
0-2: Ball
1-2: Foul Ball, location: 2F
1-2: Foul Ball, location: 2F
1-2: Ball
2-2: SINGLE (Groundball, 34D, EV 110.6 MPH)
Phil Rutgers scores
Batting: LHB Rutger Cooper 0-0: SINGLE (Line Drive, 9LS, EV 108.1 MPH)
Orval Cash to second
Batting: RHB Xavier Millington 0-0: Foul Ball, location: 23F
0-1: Ball
1-1: Ball
2-1: Called Strike
2-2: SINGLE (Groundball, 6MD, EV 110.0 MPH)
Orval Cash to third
Rutger Cooper to second
Runner from 3rd tries for Home, SAFE, throw by CF to home
Pitching: RHP Carsten Thurling
Batting: LHB Tristen Anslow 0-0: Called Strike
0-1: Ball
1-1: Ball
2-1: Swinging Strike
2-2: DOUBLE (Line Drive, 7LM, EV 106.9 MPH)
Rutger Cooper scores
Xavier Millington to third
Runner from 3rd tries for Home, SAFE, throw by LF to home
Batting: RHB Bernard Theyer 0-0: Intentional Walk
Batting: RHB J.C. Excell 0-0: DOUBLE (Flyball, 89XD, EV 110.0 MPH)
Tristen Anslow scores
Bernard Theyer to third
Batting: RHB William Fowles 0-0: Called Strike
0-1: Swinging Strike
0-2: Strikes out swinging
Top of the 5th over - 8 runs, 9 hits, 0 errors, 2 left on base; Erskineville 9 - Mosman 3
BOTTOM OF THE 5TH
Mosman Cubs batting - Pitching for Erskineville Pirates : RHP Matthew Popplewell
Batting: RHB Steve Walmsley 0-0: Ball
1-0: Ball
2-0: Called Strike
2-1: Fly out, F9 (Line Drive, 89M, EV 96.9 MPH)
Batting: LHB River Holdsworth 0-0: Ball
1-0: Ball
2-0: Foul Ball, location: 3FF
2-1: Swinging Strike
2-2: Strikes out swinging
Batting: SHB Matt Badeley 0-0: SINGLE (Groundball, 3S, EV 70.0 MPH) (infield hit)
Pinch Runner at 1st Luke Barrowcliff:
Batting: RHB Zachery Gilleland 0-0: Foul Ball, location: 5F
0-1: Foul Ball, location: 9LDF
0-2: SINGLE (Line Drive, 89M, EV 88.8 MPH)
Luke Barrowcliff to second
Runner from 2nd tries for 3rd, SAFE, throw by RF made at trailing runner, OUT! 9-6
Bottom of the 5th over - 0 runs, 2 hits, 0 errors, 1 left on base; Erskineville 9 - Mosman 3
TOP OF THE 6TH
Erskineville Pirates batting - Pitching for Mosman Cubs : RHP Carsten Thurling
Now at 2B: Luke Barrowcliff
Now in CF: Sam Beamish
Batting: RHB Phil Rutgers 0-0: Called Strike
0-1: Ball
1-1: SINGLE (Groundball, 34D, EV 98.1 MPH)
Batting: LHB Ken Pym 0-0: Called Strike
0-1: 2-RUN HOME RUN (Flyball, 78XD, EV 106.3 MPH), Distance : 413 ft
Batting: RHB Orval Cash 0-0: Ball
1-0: Foul Ball, location: 5DF
1-1: Foul Ball, location: 3FF
1-2: Ball
2-2: Ball
3-2: Base on Balls
Batting: LHB Rutger Cooper 0-0: Fielders Choice at 2nd, 4-6 (Groundball, 4MD, EV 99.4 MPH)
Batting: RHB Xavier Millington 0-0: Ball
1-0: Fly out, F3 (Popup, 3, EV 55.6 MPH)
Batting: LHB Tristen Anslow 0-0: Foul Ball, location: 2F
0-1: Ball
1-1: Ball
2-1: Foul Ball, location: 7LDF
2-2: Fly out, F7 (Flyball, 78M, EV 95.0 MPH)
Top of the 6th over - 2 runs, 2 hits, 0 errors, 1 left on base; Erskineville 11 - Mosman 3
BOTTOM OF THE 6TH
Mosman Cubs batting - Pitching for Erskineville Pirates : RHP Matthew Popplewell
Batting: RHB Jim Raymont 0-0: Ball
1-0: Foul Ball, location: 9LDF
1-1: Called Strike
1-2: Ball
2-2: Ball
3-2: Fly out, F8 (Flyball, 8RM, EV 94.4 MPH)
Batting: LHB Coop Ross 0-0: Ball
1-0: Ball
2-0: Swinging Strike
2-1: Ball
3-1: Foul Ball, location: 2F
3-2: Base on Balls
Batting: RHB Sam Beamish 0-0: Called Strike
0-1: Ball
1-1: Ball
2-1: Hit by Pitch
Coop Ross to second
Pitching: LHP Sam Harper
Batting: RHB Alex Zglinicki 0-0: Ball
1-0: Foul Ball, location: 5F
1-1: Foul Ball, location: 9LDF
1-2: Foul Ball, location: 3SF
1-2: Strikes out looking
Pinch Hitting: RHB John Turvill 0-0: Ball
1-0: Swinging Strike
1-1: Foul Ball, location: 7LSF
1-2: Strikes out swinging
Bottom of the 6th over - 0 runs, 0 hits, 0 errors, 2 left on base; Erskineville 11 - Mosman 3
TOP OF THE 7TH
Erskineville Pirates batting - Pitching for Mosman Cubs : RHP Carsten Thurling
Now in LF: Steve Walmsley
Now in RF: Michael Fitzgerald
Pinch Hitting: LHB Kade Tregear 0-0: Ball
1-0: Called Strike
1-1: Foul Ball, location: 9LMF
1-2: SINGLE (Line Drive, 4M, EV 98.8 MPH)
Batting: RHB J.C. Excell 0-0: Ball
1-0: Called Strike
1-1: Ball
Kade Tregear is caught stealing 2nd base 2-4
2-1: SOLO HOME RUN (Flyball, 78XD, EV 107.5 MPH), Distance : 417 ft
Batting: RHB William Fowles 0-0: Swinging Strike
0-1: SINGLE (Line Drive, 78S, EV 105.6 MPH)
Pinch Hitting: RHB Phillip Heighway 0-0: Foul Ball, location: 2F
0-1: SINGLE (Line Drive, 4M, EV 106.9 MPH)
William Fowles to second
Batting: LHB Ken Pym 0-0: Swinging Strike
0-1: Foul Ball, location: 2F
0-2: Ball
1-2: Strikes out swinging
Pinch Hitting: LHB Darren Fairburn 0-0: Foul Ball, location: 2F
0-1: Fly out, F7 (Flyball, 7D, EV 111.3 MPH)
Top of the 7th over - 1 run, 4 hits, 0 errors, 2 left on base; Erskineville 12 - Mosman 3
BOTTOM OF THE 7TH
Mosman Cubs batting - Pitching for Erskineville Pirates : LHP Sam Harper
Now at 2B: Kade Tregear
Now at SS: Xavier Millington
Now in LF: Ken Pym
Now in CF: Phillip Heighway
Now in RF: Darren Fairburn
Batting: RHB Steve Walmsley 0-0: Ball
1-0: Ball
2-0: SINGLE (Groundball, 6MD, EV 106.3 MPH)
Batting: LHB River Holdsworth 0-0: Ball
1-0: Called Strike
1-1: Foul Ball, location: 7LMF
1-2: Ball
2-2: Foul Ball, location: 5F
2-2: Ball
3-2: Foul Ball, location: 25F
3-2: Foul Ball, location: 25F
3-2: 2-RUN HOME RUN (Flyball, 9LD, EV 92.5 MPH), Distance : 340 ft
Batting: RHB Luke Barrowcliff 0-0: Ball
1-0: Ball
2-0: Called Strike
2-1: Ball
3-1: Swinging Strike
3-2: Fly out, F6 (Popup, 6D, EV 51.9 MPH)
Batting: RHB Zachery Gilleland 0-0: Swinging Strike
0-1: Called Strike
0-2: Ball
1-2: Foul Ball, location: 7LSF
1-2: SINGLE (Groundball, 6MD, EV 98.1 MPH)
Pinch Hitting: RHB Wally Metherell 0-0: Ball
Zachery Gilleland steals 2nd base (no throw)
1-0: Ball
2-0: Ball
3-0: Base on Balls
Batting: LHB Coop Ross 0-0: Called Strike
0-1: Ball
1-1: Ball
2-1: Called Strike
2-2: Strikes out swinging
Batting: RHB Sam Beamish 0-0: Foul Ball, location: 2F
0-1: Fielders Choice at 2nd, 5-4 (Groundball, 56, EV 102.5 MPH)
Bottom of the 7th over - 2 runs, 3 hits, 0 errors, 2 left on base; Erskineville 12 - Mosman 5
TOP OF THE 8TH
Erskineville Pirates batting - Pitching for Mosman Cubs : RHP Carsten Thurling
Now at SS: Wally Metherell
Pinch Hitting: LHB Marcus Ranby 0-0: Ball
1-0: Fly out, F7 (Flyball, 7, EV 92.5 MPH)
Pinch Hitting: LHB Calum Clow 0-0: SINGLE (Line Drive, 9LS, EV 98.1 MPH)
Batting: LHB Tristen Anslow 0-0: Ball
1-0: Grounds into double play, 3-6-1 (Groundball, 34, EV 97.5 MPH)
Top of the 8th over - 0 runs, 1 hit, 0 errors, 0 left on base; Erskineville 12 - Mosman 5
BOTTOM OF THE 8TH
Mosman Cubs batting - Pitching for Erskineville Pirates : LHP Sam Harper
Now at 1B: Marcus Ranby
Now at SS: Calum Clow
Batting: RHB Alex Zglinicki 0-0: Called Strike
0-1: Foul Ball, location: 23F
0-2: Ball
1-2: Ball
2-2: Strikes out swinging
Batting: LHB Michael Fitzgerald 0-0: Ball
1-0: Ball
2-0: Foul Ball, location: 7LSF
2-1: Foul Ball, location: 23FF
2-2: Foul Ball, location: 23F
2-2: Strikes out swinging
Batting: RHB Steve Walmsley 0-0: Ball
1-0: Called Strike
1-1: Ball
2-1: Foul Ball, location: 5F
2-2: Ground out 5-3 (Groundball, 56S, EV 67.5 MPH)
Bottom of the 8th over - 0 runs, 0 hits, 0 errors, 0 left on base; Erskineville 12 - Mosman 5
TOP OF THE 9TH
Erskineville Pirates batting - Pitching for Mosman Cubs : RHP Carsten Thurling
Batting: LHB Kade Tregear 0-0: Ball
1-0: Called Strike
1-1: Ground out 1-3 (Groundball, 34S, EV 77.5 MPH)
Pinch Hitting: LHB Sam Hindle 0-0: Swinging Strike
0-1: Ball
1-1: Called Strike
1-2: Foul Ball, location: 7LMF
1-2: Ball
2-2: Foul Ball, location: 2F
2-2: Foul Ball, location: 9LDF
2-2: Foul Ball, location: 9LSF
2-2: Ball
3-2: Foul Ball, location: 5DF
3-2: Foul Ball, location: 25F
3-2: Ground out 4-3 (Groundball, 4S, EV 81.9 MPH)
Batting: RHB William Fowles 0-0: DOUBLE (Flyball, 8LXD, EV 92.5 MPH)
Batting: RHB Phillip Heighway 0-0: Ball
1-0: Ball
2-0: Ball
3-0: Called Strike
3-1: Foul Ball, location: 2F
3-2: Ground out 4-3 (Groundball, 4S, EV 84.4 MPH)
Top of the 9th over - 0 runs, 1 hit, 0 errors, 1 left on base; Erskineville 12 - Mosman 5
BOTTOM OF THE 9TH
Mosman Cubs batting - Pitching for Erskineville Pirates : LHP Sam Harper
Now at C: Macy Corfield
Pinch Hitting: LHB Sandor Vanner 0-0: Called Strike
0-1: Foul Ball, location: 2F
0-2: Strikes out looking
Batting: RHB Luke Barrowcliff 0-0: Ball
1-0: Called Strike
1-1: DOUBLE (Line Drive, 9LS, EV 85.0 MPH)
Pitching: LHP Gregory Jubb
Batting: RHB Zachery Gilleland 0-0: Ball
1-0: Foul Ball, location: 7LSF
1-1: Swinging Strike
1-2: Ball
2-2: Strikes out swinging
Batting: RHB Wally Metherell 0-0: Ball
1-0: Called Strike
1-1: Called Strike
1-2: Foul Ball, location: 23F
1-2: Strikes out swinging
Bottom of the 9th over - 0 runs, 1 hit, 0 errors, 1 left on base; Erskineville 12 - Mosman 5
Sunday, April 21st , 2024 - OOTP Baseball 24.9 Build 80